 Dungeon Crawl Stone Soup version 0.31-a0-765-g67fe2935dc (webtiles) character file.

Game seed: 14686901997875678016

14 cforsyth the Sneak (level 2, -4/25 HPs)
             Began as a Djinni Delver on Sept 15, 2023.
             Slain by a kobold brigand
             ... wielding a +0 dagger
              (5 damage)
             ... in a sewer.
             The game lasted 00:00:49 (178 turns).

cforsyth the Sneak (Djinni Delver)                   Turns: 178, Time: 00:00:49

Health: -4/25      AC:  3    Str: 11    XL:     2   Next: 55%
Gold:   0          EV: 12    Int: 11    God:
                   SH:  0    Dex: 14

rFire   + + .        a - +0 falchion
rCold   x . .        (no shield)
rNeg    . . .        b - +0 leather armour
rPois   ∞            (no helmet)
rElec   .            (no cloak)
rCorr   .            (no gloves)
SInv    .            (boots unavailable)
Will    .....        (no amulet)
Stlth   ++           (no ring)
HPRegen 0.24/turn    (no ring)
MPRegen 0.00/turn

%: infuse magic (-5 HP)
@: flying
A: sickness immunity, fire resistance 2, cold vulnerability 1, float, innate
caster, HP casting, extra vitality 1
a: no special abilities


You were in a sewer.
You visited 1 branch of the dungeon, and saw 1 of its levels.
You also visited: Sewer.

Inventory:

Hand Weapons
 a - a +0 falchion (weapon)
Armour
 b - a +0 leather armour (worn)
Wands
 g - a wand of digging (3)
Scrolls
 c - a scroll of fog
 d - a scroll of revelation
 e - a scroll of fear
Potions
 f - a potion of haste
 h - a potion of invisibility {unknown}


   Skills:
 + Level 3.3 Fighting
 - Level 1.7 Long Blades
 - Level 2.1 Dodging
 - Level 4.1 Stealth
 + Level 0.8 Spellcasting
 + Level 0.8 Conjurations
 + Level 0.8 Hexes
   Level 0.0 Charms
 + Level 0.8 Summonings
 + Level 0.8 Necromancy
 + Level 0.8 Translocations
 + Level 0.8 Transmutations
 + Level 0.8 Fire Magic
 + Level 0.8 Ice Magic
 + Level 0.8 Air Magic
 + Level 0.8 Earth Magic
 + Level 0.8 Poison Magic You didn't know any spells. Your spell library was empty.

Dungeon Overview and Level Annotations

Branches:
Dungeon (5/15)              Sewer (1/1)
 Temple: D:4-7

Altars:


Innate Abilities, Weirdness & Mutations

You are immune to sickness and miasma.
You are immune to poison.
Your flesh is very heat resistant. (rF++)
You are vulnerable to cold. (rC-)
You float through the air rather than walking.
You learn spells naturally, not from books.
Your magical power is your life essence.
You have superior vitality. (+4 MHP)


Message History

The kobold closely misses you.
The kobold brigand hits you with a +0 dagger!
You hit the kobold brigand.
The kobold brigand is moderately wounded.
The kobold hits you but does no damage. The kobold brigand barely misses you.
You closely miss the kobold brigand.
The kobold brigand is moderately wounded.
The kobold closely misses you. The kobold brigand barely misses you.
The kobold hits you with a +0 short sword.
The kobold brigand hits you with a +0 dagger!
* * * LOW HITPOINT WARNING * * *
You are too injured to fight recklessly!
You are too injured to fight recklessly!
You are too injured to fight recklessly!
You are too injured to fight recklessly!
You are too injured to fight recklessly!
You are too injured to fight recklessly!
You are too injured to fight recklessly!
You hit the kobold brigand.
The kobold brigand is moderately wounded.
The kobold brigand closely misses you. The kobold closely misses you.
You hit the kobold brigand.
The kobold brigand is heavily wounded.
The kobold hits you but does no damage. The kobold brigand misses you.
You closely miss the kobold brigand.
The kobold brigand is heavily wounded.
The kobold closely misses you.
The kobold brigand hits you with a +0 dagger.
* * * LOW HITPOINT WARNING * * *
You hit the kobold brigand.
The kobold brigand is heavily wounded.
The kobold hits you but does no damage. The kobold brigand barely misses you.
You hit the kobold brigand.
The kobold brigand is heavily wounded.
The kobold barely misses you.
The kobold brigand hits you with a +0 dagger.
* * * LOW HITPOINT WARNING * * *
The kobold misses you.
The kobold brigand hits you with a +0 dagger.
You die...

##....~~≈≈≈~~~.....
##.....~≈≈≈≈~≈~....#
#.....~≈~≈≈≈≈~....##
#.....#≈≈≈≈≈≈≈~...#
#....##~≈≈≈≈≈≈~...##
#....#≈≈≈≈≈≈≈~.....#
##....~≈≈≈≈≈≈≈≈.....#
#......~≈≈≈≈≈≈≈....##
#..K@.~≈≈≈≈≈≈≈≈~...#
###K###≈#≈#≈####'###
#..K..##≈#≈#≈#.....#
#.....#≈#≈#≈##..)).#
##...###≈#≈#≈##...##
!...!#≈#≈#≈##.....#
#!.#?!##≈#≈#≈#..#..#
### ###≈≈≈≈≈≈#######
≈≈≈≈≈≈≈≈≈≈≈≈≈≈≈≈≈≈≈≈


You could see a kobold brigand and 2 kobolds.

Vanquished Creatures
  3 kobolds (Sewer)
  2 ball pythons
  13 rats
18 creatures vanquished.

Notes
Turn   | Place    | Note
-------+----------+-------------------------------------------
     0 | D:5      | cforsyth the Djinni Delver began the quest for the Orb.
     0 | D:5      | Reached XP level 1. HP: 20/20 MP: 0/0
     4 | D:5      | Found a glowing drain.
    19 | Sewer    | Entered a sewer
    68 | Sewer    | Reached XP level 2. HP: 25/25 MP: 0/0
   161 | Sewer    | Noticed a kobold brigand
   178 | Sewer    | HP: 1/25 [kobold brigand/+0 dagger (2)]
   178 | Sewer    | Slain by a kobold brigand

Illustrated notes

Levels and vault maps discovered:
D:5:      nicolae_cairo_tiling, layout_loops_ring, nicolae_ossuary_entry_giza,
          portal_sewer_entry_c, kennysheep_donut
Sewer:    sewer_minmay_treatment

Action                     || total
---------------------------++-------
  Melee: Falchion          ||    69
   Stab: Sleeping          ||     2
 Armour: Leather armour    ||    54
  Dodge: Dodged            ||    66

Table legend: (Time is in decaauts)
 A = Elapsed time spent in this place.
 B = Non-inter-level travel time spent in this place.
 C = Inter-level travel time spent in this place.
 D = Time resting spent in this place.
 E = Time spent auto-exploring this place.
 F = Levels seen in this place.
 G = Mean time per level.
                   A        B        C        D        E       F      G
               +--------+--------+--------+--------+--------+-----+--------+
         Total |    192 |    192 |      0 |      0 |      0 |   2 |   96.0 |
       Dungeon |     20 |     20 |      0 |      0 |      0 |   1 |   20.0 |
         Sewer |    171 |    171 |      0 |      0 |      0 |   1 |  171.0 |
               +--------+--------+--------+--------+--------+-----+--------+

Top non-repeatable levels by time:
   Sewer: 171 daAuts
     D:5: 20 daAuts
